Map: Beckett Industries LE

Players

LiquidClem (Clem)

  • Race: Terran Terran
  • League: Master

MaxPax - Winner!

  • Race: Protoss Protoss

Event: DreamHack SC2 Masters 2021 Fall

VOD

Have the link to the VOD?

Description

Time

  • Played on: Sept. 8, 2021, 9:20 a.m.
  • Length: 8:40

All games in this series

Show
View Real Time Build Order
Export as new Build Order

LiquidClem Terran 

Build Orders: Cyclone Opening 

Get SALT Encoding   

  12  0:00  SCV  
  13  0:12  SCV  
  14  0:17  Supply Depot  
  14  0:24  SCV  
  15  0:38  SCV  
  15  0:39  Barracks  
  16  0:43  Refinery  
  16  0:50  SCV  
  17  1:02  SCV  
  18  1:15  SCV  
  19  1:27  Marine  
  19  1:28  Orbital Command  
  20  1:45  Marine, Factory  
  21  1:48  Supply Depot  
  21  1:53  SCV  
  22  1:57  Bunker, Refinery  
  22  2:03  Marine  
  23  2:10  SCV  
  24  2:21  Marine  
  24  2:22  SCV  
  26  2:28  Factory Tech Lab  
  26  2:32  Starport  
  26  2:34  SCV  
  27  2:37  Supply Depot  
  27  2:38  Marine  
  28  2:46  Cyclone  
  31  2:58  Marine, SCV  
  31  2:59  Supply Depot  
  33  3:09  Viking  
  35  3:20  Cyclone  
  35  3:21  Marine  
  39  3:39  Marine  
  39  3:40  Viking  
  42  3:47  Supply Depot  
  42  3:48  Supply Depot  
  42  3:54  Cyclone  
  45  4:00  SCV  
  46  4:03  Marine  
  47  4:10  Medivac  
  49  4:21  Marine  
  49  4:22  Supply Depot  
  50  4:30  Supply Depot  
  49  4:43  Cyclone  
  52  4:46  Marine  
  52  4:50  Bunker  
  53  4:55  Supply Depot  
  52  5:02  SCV  
  52  5:04  Marine  
  50  5:15  SCV  
  50  5:19  Cyclone  
  51  5:22  Marine  
  51  5:25  Viking  
  52  5:36  SCV  
  52  5:39  Marine  
  53  5:49  SCV  
  53  5:56  Cyclone  
  49  5:57  Marine  
  49  5:59  Viking  
  50  6:15  Marine  
  51  6:31  Viking  
  56  6:34  Siege Tank  
  56  6:35  Marine  
  56  6:39  SCV  
  55  6:53  Marine  
  54  7:01  Viking  
  55  7:02  SCV  
  55  7:07  Cyclone  
  59  7:11  Marine  
  53  7:28  Marine  
  50  7:32  Liberator  
  50  7:36  SCV  
  50  7:46  Marine  
  50  7:48  SCV  
  49  7:58  Siege Tank  
  51  8:00  SCV  
  51  8:04  Marine  
  47  8:12  SCV  
Show
View Real Time Build Order
Export as new Build Order

MaxPax Protoss - Winner!

Build Orders: Proxy Void Ray 

Get SALT Encoding   

  12  0:00  Probe  
  13  0:12  Probe  
  14  0:17  Pylon  
  14  0:24  Probe  
  15  0:33  Pylon  
  15  0:36  Probe  
  16  0:48  Probe  
  17  0:51  Gateway  
  17  0:56  Assimilator  
  17  1:00  Probe  
  18  1:15  Probe  
  19  1:20  Assimilator  
  19  1:27  Probe  
  20  1:37  Cybernetics Core, Zealot (Chrono Boost)  
  22  1:42  Probe  
  23  1:54  Probe  
  24  1:56  Zealot (Chrono Boost)  
  26  2:06  Probe  
  27  2:14  Stargate  
  27  2:20  Stalker (Chrono Boost)  
  29  2:26  Pylon  
  29  2:30  Warp Gate  
  29  2:35  Shield Battery  
  29  2:42  Stalker  
  31  2:45  Shield Battery  
  31  2:53  Void Ray (Chrono Boost)  
  31  2:59  Shield Battery  
  35  3:10  Shield Battery  
  35  3:14  Shield Battery  
  35  3:23  Shield Battery  
  35  3:25  Void Ray (Chrono Boost)  
  35  3:28  Shield Battery  
  39  3:36  Shield Battery  
  37  3:42  Shield Battery  
  37  3:54  Shield Battery  
  37  3:58  Gateway  
  37  4:01  Pylon  
  37  4:13  Void Ray (Chrono Boost)  
  37  4:21  Shield Battery  
  41  4:29  Sentry  
  43  4:42  Shield Battery  
  43  4:53  Sentry, Stalker  
  47  5:06  Shield Battery  
  47  5:21  Pylon  
  47  5:24  Stalker  
  47  5:26  Shield Battery  
  47  5:33  Void Ray  
  36  5:58  Stalker, Zealot  
  36  6:04  Probe  
  41  6:19  Stalker  
  44  6:32  Zealot  
  43  6:54  Sentry, Zealot  
  43  6:59  Probe  
  44  7:22  Stalker x2  
  42  7:23  Probe  
  43  7:35  Probe  
  42  7:50  Zealot x2  
  42  8:02  Probe  
  39  8:14  Stalker  
  39  8:17  Probe  
  36  8:22  Stalker  

Tags
 
Add a new tag
Caveats
  • Supply blocks, unpowered buildings, or Contaminate may cause inaccurate times.
  • Supply counts are checked every 10 seconds.